 Dungeon Crawl Stone Soup version 0.32-a0-519-g08f29ac1c3 (webtiles) character file.

Game seed: 3967577856443716891

83 Goblin1989 the Cudgeller (level 4, -3/33 HPs)
             Began as a Coglin Gladiator on Feb 28, 2024.
             Slain by a ribbon worm (7 damage)
             ... on level 2 of the Dungeon.
             The game lasted 00:01:44 (1175 turns).

Goblin1989 the Cudgeller (Coglin Gladiator)         Turns: 1175, Time: 00:01:44

Health: -3/33      AC:  6    Str: 17    XL:     4   Next: 44%
Magic:  4/4        EV: 11    Int:  7    God:
Gold:   106        SH:  0    Dex: 15    Spells: 3/3 levels left

rFire   . . .        a - +0 flail {Magnus}
rCold   . . .        (no shield)
rNeg    . . .        j - +0 ring mail
rPois   .            c - +0 helmet
rElec   .            (no cloak)
rCorr   .            (no gloves)
SInv    .            (no boots)
Will    .....        (no amulet)
Stlth   +            (ring unavailable)
HPRegen 0.25/turn    (ring unavailable)
MPRegen 0.09/turn

%: no passive effects
@: revved
A: off-hand wielding, slow wielding, warmup strikes, no rings
a: no special abilities


You were on level 2 of the Dungeon.
You visited 1 branch of the dungeon, and saw 2 of its levels.

You collected 106 gold pieces.

Inventory:

Hand Weapons
 a - a +0 flail (weapon) {Magnus}
Missiles
 d - 2 throwing nets (quivered) {!d , @Q1}
 l - 4 javelins {@Q3}
Armour
 b - a +0 leather armour
 c - a +0 helmet (worn)
 j - a +0 ring mail (worn)
Scrolls
 f - 3 scrolls of identify {unknown}
 h - a scroll of silence {unknown}
 i - a scroll of blinking {unknown}
 k - 3 scrolls of brand weapon {unknown}
 n - a scroll of fog {unknown}
Potions
 g - a potion of magic {unknown}
 m - a potion of invisibility {unknown}
 o - 2 potions of heal wounds {unknown}


   Skills:
 - Level 2.0 Fighting
 + Level 4.6 Maces & Flails
 - Level 1.7 Throwing
 - Level 2.6 Dodging


You had 3 spell levels left.
You didn't know any spells.
Your spell library contained the following spells:

 Spells                   Type           Power      Damage    Failure   Level
 Sting                    Conj/Alch      0%         1d3       65%         1
 Mercury Vapours          Alch/Air       0%         N/A       78%         2
 Olgreb's Toxic Radiance  Alch           0%         N/A       100%        4


Dungeon Overview and Level Annotations

Branches:
Dungeon (2/15) Zot: 10804

Altars:


Innate Abilities, Weirdness & Mutations

You can wield a second weapon in your off-hand.
It takes a long time for you to wield or remove held weapons.
Your first few attacks do less damage.
Your grasper-arms cannot wear rings.


Message History

You hit the ribbon worm.
The ribbon worm is heavily wounded.
The ribbon worm expels a string of sticky webbing.
The stream of webbing hits you but does no damage.
You are caught in a web!
You struggle to detach yourself from the web.
Natasha, Servant of Life and Death comes into view.
You struggle to detach yourself from the web.
Natasha hisses angrily.
The ribbon worm bites you.
You take 1 damage, and have 26/33 hp.
The web tears apart.
Natasha hisses.
The ribbon worm barely misses you.
You hit the ribbon worm but do no damage.
The ribbon worm is moderately wounded.
Natasha wildly gestures.
Natasha glows brightly for a moment.
The ribbon worm bites you but does no damage.
You hit the ribbon worm.
The ribbon worm is heavily wounded.
The ribbon worm bites you but does no damage.
You barely miss the ribbon worm.
The ribbon worm is heavily wounded.
The ribbon worm completely misses you.
Natasha mumbles some strange words.
You sock the ribbon worm!
The ribbon worm is almost dead.
Natasha claws you.
The ribbon worm expels a string of sticky webbing.
The stream of webbing hits you but does no damage.
You are caught in a web!
The cerulean imp hits you but does no damage.
You take 4 damage, and have 23/33 hp.
The web tears apart.
Natasha closely misses you. The cerulean imp barely misses you.
The ribbon worm bites you but does no damage.
You hit the ribbon worm but do no damage.
The ribbon worm is almost dead.
Natasha claws you! The cerulean imp misses you. The ribbon worm bites you.
* * * LOW HITPOINT WARNING * * *
You are too injured to fight recklessly!
You are too injured to fight recklessly!
You are too injured to fight recklessly!
You take 10 damage, and have 13/33 hp.
MASSIVE DAMAGE!!
You are too injured to fight recklessly!
You are too injured to fight recklessly!
You are too injured to fight recklessly!
You are too injured to fight recklessly!
You are too injured to fight recklessly!
You are too injured to fight recklessly!
You are too injured to fight recklessly!
You are too injured to fight recklessly!
You are too injured to fight recklessly!
You are too injured to fight recklessly!
You are too injured to fight recklessly!
You are too injured to fight recklessly!
You are too injured to fight recklessly!
You are too injured to fight recklessly!
You are too injured to fight recklessly!
You are too injured to fight recklessly!
You are too injured to fight recklessly!
You are too injured to fight recklessly!
You are too injured to fight recklessly!
You are too injured to fight recklessly!
You are too injured to fight recklessly!
Throw: 3 throwing nets {!d , @Q1}
Press: ? - help, Q - select action, (/) - cycle Shift-Dir - straight line, f - Natasha
Aim: Natasha (47% to hit)
You throw a throwing net {!d , @Q1}.
The throwing net {!d , @Q1} hits Natasha.
Natasha is caught in the net!
Natasha struggles against the net.
The cerulean imp hits you from afar with a +1 spear.
* * * LOW HITPOINT WARNING * * *
You take 1 damage, and have 12/33 hp.
You sock Natasha!
Natasha is heavily wounded.
Natasha struggles against the net.
The ribbon worm barely misses you.
The cerulean imp hits you from afar with a +1 spear.
* * * LOW HITPOINT WARNING * * *
Natasha struggles against the net.
You take 3 damage, and have 9/33 hp.
You strike the helpless Natasha from behind!
You hit Natasha but do no damage.
Natasha is heavily wounded.
The cerulean imp barely misses you.
Natasha struggles against the net.
The ribbon worm expels a string of sticky webbing.
The stream of webbing is repelled.
You sock Natasha!
You kill Natasha!
Natasha screams in fury as she dies!
The cerulean imp disappears in a puff of smoke!
The ribbon worm bites you.
* * * LOW HITPOINT WARNING * * *
You take 5 damage, and have 4/33 hp.
You hit the ribbon worm.
The ribbon worm is almost dead.
The ribbon worm bites you!
You die... █.█.█ ██████████

█.█▲█ ██≈≈≈≈≈≈≈≈██
█....
██≈≈......≈≈███....
██≈≈........≈≈██..>.
██≈≈..........≈≈██...
██≈≈............≈≈██..
█≈≈....≈≈≈≈≈≈....≈≈█..
█≈...@≈♣♣♣♣♣♣≈....≈█..
█≈...w≈♣ ♣≈....≈█..
█.∆.....≈♣ ♣≈.....∆.█
█.∆.....≈♣ ♣≈.....∆.█
███≈....≈♣ ♣≈....≈███
█≈....≈♣ ♣≈....≈█
█≈≈....≈ ≈≈....≈≈█
██≈≈.... ......≈≈██
.....≈≈██


You could see a ribbon worm (catching breath).

Vanquished Creatures
  Natasha (twice) (D:2)
  An adder (D:2)
  A dart slug (D:1)
  3 ball pythons (D:1)
  An endoplasm (D:1)
  A giant cockroach (D:2)
  2 goblins
  3 hobgoblins
  2 kobolds (D:2)
  A quokka (D:2)
  2 bats
  2 frilled lizards
  A rat (D:1)
22 creatures vanquished.

Notes
Turn   | Place    | Note
-------+----------+-------------------------------------------
     0 | D:1      | Goblin1989 the Coglin Gladiator began the quest for the
                  | Orb.
     0 | D:1      | Reached XP level 1. HP: 16/16 MP: 1/1
   137 | D:1      | Reached skill level 3 in Maces & Flails
   202 | D:1      | Reached XP level 2. HP: 16/22 MP: 2/2
   252 | D:1      | Found a faded altar of an unknown god.
   648 | D:2      | Noticed Natasha
   776 | D:2      | Killed Natasha
   777 | D:2      | Reached skill level 4 in Maces & Flails
   777 | D:2      | Reached XP level 3. HP: 15/27 MP: 3/3
  1026 | D:2      | Reached XP level 4. HP: 33/33 MP: 4/4
  1162 | D:2      | Noticed Natasha
  1174 | D:2      | Killed Natasha
  1175 | D:2      | Slain by a ribbon worm

Illustrated notes

Levels and vault maps discovered:
D:1:      elethiomel_arrival_shortcut, layout_basic,
          chequers_ecumenical_altar_simple
D:2:      layout_basic, chequers_mini_garden, kennysheep_big_empty_room,
          wander_ebering_terrifying_dragon_lair, uniq_natasha

Skill      XL: |  1  2 |
---------------+-------+-----
Maces & Flails | 3 4 |  4.6
Fighting       | |  2.0
Throwing       | |  1.7
Dodging        | |  2.6

Action                     |  1- 3 |  4- 6 || total
---------------------------+-------+-------++-------
  Melee: Flail             |    62 |    16 ||    78
  Throw: Throwing net      |       |     1 ||     1
   Stab: Held in net/web   |       |     1 ||     1
 Armour: Leather armour    |     9 |       ||     9
         Ring mail         |    40 |    17 ||    57
  Dodge: Dodged            |    44 |     8 ||    52
         Repelled          |       |     1 ||     1

Table legend: (Time is in decaauts)
 A = Elapsed time spent in this place.
 B = Non-inter-level travel time spent in this place.
 C = Inter-level travel time spent in this place.
 D = Time resting spent in this place.
 E = Time spent auto-exploring this place.
 F = Levels seen in this place.
 G = Mean time per level.
                   A        B        C        D        E       F      G
               +--------+--------+--------+--------+--------+-----+--------+
         Total |   1194 |   1068 |    126 |     44 |    811 |   2 |  597.0 |
       Dungeon |   1194 |   1068 |    126 |     44 |    811 |   2 |  597.0 |
               +--------+--------+--------+--------+--------+-----+--------+

Top non-repeatable levels by time:
     D:1: 811 daAuts
     D:2: 382 daAuts
